 Dungeon Sprint DCSS version 0.27-a0-1217-g8a41f320e8 (webtiles) character file.

Game seed: 17578020181455101694

247 mhtbhm the Basher (level 5, -11/48 HPs)
             Began as a Demonspawn Berserker on June 5, 2021.
             Was an Elder of Trog.
             Mangled by a human
             ... wielding a +0 whip
              (17 damage)
             ... in the Dungeon (Sprint III: "The Ten Rune Challenge").
             The game lasted 00:00:59 (1115 turns).

mhtbhm the Basher (Demonspawn Berserker)            Turns: 1115, Time: 00:01:00

Health: -11/48     AC:  2    Str: 18    XL:     5   Next: 85%
Magic:  5/5        EV: 13    Int:  9    God:    Trog [****..]
Gold:   40         SH:  0    Dex: 12    Spells: 4/4 levels left

rFire    . . .     SeeInvis .   a - +0 mace
rCold    . . .     Faith    .   (no shield)
rNeg     . . .     Spirit   .   b - +0 animal skin
rPois    .         Reflect  .   (no helmet)
rElec    .         Harm     .   (no cloak)
rCorr    .         Rampage  .   (no gloves)
Will     .....     NoTele   +   (no boots)
Stlth    ++........             (no amulet)
HPRegen  0.16/turn              (no ring)
MPRegen  0.09/turn              (no ring)

@: on berserk cooldown, slowed, very slow
A: claws 2, foul stench 1
a: Renounce Religion, Berserk, Trog's Hand, Brothers in Arms


You were in the Dungeon.
You worshipped Trog.
Trog was greatly pleased with you.
You visited 1 branch You collected 40 gold pieces.

Inventory:

Hand Weapons
 a - a +0 mace (weapon)
Armour
 b - a +0 animal skin (worn)
Wands
 m - a wand of flame (13)
Scrolls
 h - a scroll of blinking
 j - 2 scrolls of immolation {unknown}
 k - 2 scrolls of identify {unknown}
Potions
 c - 2 potions of curing
 d - a potion of heal wounds
 e - a potion of haste
 f - 2 potions of magic
 g - a potion of berserk rage
 i - 3 potions of mutation {unknown}
 l - 3 potions of flight


   Skills:
 + Level 7.1 Fighting
 + Level 8.3 Maces & Flails
 + Level 3.5 Armour
 + Level 3.8 Dodging
 + Level 1.8 Stealth


You had 4 spell levels left.
You didn't know any spells.
Your spell library was empty.

Dungeon Overview and Level Annotations

Branches:
Dungeon (1/1)

Altars:
Dithmenos
Kikubaaqudgha
Okawaru
Ru
Sif Muna
Trog
Uskayaw
Vehumet
Wu Jian
Yredelemnul
Beogh


Innate Abilities, Weirdness & Mutations

You have very sharp fingernails.
You may rarely emit foul miasma when damaged in melee.


Message History

The human misses you.
You thump the human!
The human is moderately wounded.
The human hits you with a +0 whip!
You hit the human.
The human is moderately wounded.
The human hits you! The human barely misses you.
You closely miss the human.
The human is moderately wounded.
The human hits you. The human hits you with a +0 whip!
You sock the human!
The human is severely wounded.
The human hits you with a +0 whip!
You are too injured to fight recklessly!
You are too injured to fight recklessly!
You are too injured to fight recklessly!
You are too injured to fight recklessly!
You are too injured to fight recklessly!
You are too injured to fight recklessly!
You are too injured to fight recklessly!
You are too injured to fight recklessly!
You closely miss the human. The human hits you!
* * * LOW HITPOINT WARNING * * *
You closely miss the human. You sock the human!
The human is moderately wounded.
The human barely misses you.
You miss the human.
The human is moderately wounded.
You are no longer berserk.
You are exhausted.
You feel yourself slow down. The human barely misses you.
There is an open door, spattered with blood here.
You hit the human.
The human is severely wounded.
The human hits you with a +0 whip.
* * * LOW HITPOINT WARNING * * *
The human hits you but does no damage. The human closely misses you.
The human barely misses you. The human hits you with a +0 whip!
You die...

▓▓▓▓▓ ▓▓▓ ....♣ ♣.#
######## ....♣ ♣.#
#___#__# ....♣♣ ♣.#
#p_.#)_#
....≈♣♣♣♣♣.###+#@###÷##
...≈≈♣.....#...p......#
†.≈≈≈≈♣.♣♣.'.⌠........#
..≈≈≈≈≈≈.♣.#...######+#
.≈≈≈≈≈≈....#.⌠.#
.≈≈≈≈≈.....#...#
.≈≈≈.......#)###
...........#)::#
...........#___#


You could see 2 humans.

Vanquished Creatures
  A necrophage (D)
  A water elemental (D)
  A wizard (D)
  A necromancer (D)
  A kobold demonologist (D)
  A human (D)
  A wolf (D)
  2 endoplasms (D)
  2 rats (D)
11 creatures vanquished.

Notes
Turn   | Place    | Note
-------+----------+-------------------------------------------
     0 | D        | mhtbhm the Demonspawn Berserker began the quest for the
                  | Orb.
     0 | D        | Reached XP level 1. HP: 18/18 MP: 1/1
     5 | D        | Reached skill level 3 in Maces & Flails
    87 | D        | Reached ** piety under Trog
   295 | D        | HP: 1/27 [human (3)]
   297 | D        | Reached skill level 4 in Maces & Flails
   297 | D        | Gained mutation: You have sharp fingernails. [demonic
                  | ancestry]
   297 | D        | Reached XP level 2. HP: 1/25 MP: 2/2
   613 | D        | Gained mutation: You may rarely emit foul miasma when
                  | damaged in melee. [demonic ancestry]
   613 | D        | Reached XP level 3. HP: 31/31 MP: 3/3
   704 | D        | Noticed a water elemental
   709 | D        | Killed a water elemental
   709 | D        | Reached *** piety under Trog
   710 | D        | Reached skill level 5 in Fighting
   710 | D        | Reached skill level 6 in Maces & Flails
   710 | D        | Reached skill level 1 in Stealth
   710 | D        | Gained mutation: You have very sharp fingernails. [demonic
                  | ancestry]
   710 | D        | Reached XP level 4. HP: 36/39 MP: 4/4
   814 | D        | Found a radiant altar of Vehumet.
   814 | D        | Found a shimmering blue altar of Sif Muna.
   814 | D        | Found an ancient bone altar of Kikubaaqudgha.
   814 | D        | Noticed a wizard
   817 | D        | Killed a wizard
   825 | D        | Reached skill level 7 in Maces & Flails
   825 | D        | Reached XP level 5. HP: 46/46 MP: 5/5
   888 | D        | Found a basalt altar of Yredelemnul.
   888 | D        | Found a shadowy altar of Dithmenos.
   888 | D        | Found a sacrificial altar of Ru.
   888 | D        | Noticed a necrophage
   892 | D        | Killed a necrophage
   892 | D        | Reached **** piety under Trog
   893 | D        | Reached skill level 8 in Maces & Flails
  1100 | D        | Found a hide-covered altar of Uskayaw.
  1100 | D        | Found an iron altar of Okawaru.
  1100 | D        | Found a bloodstained altar of Trog.
  1100 | D        | Found an ornate altar of the Wu Jian Council.
  1100 | D        | Noticed a human
  1101 | D        | Noticed a human
  1115 | D        | Mangled by a human

Illustrated notes

Levels and vault maps discovered:
D:        dungeon_sprint_mu [sprint_mu_entry_forest, sprint_mu_temple_rooms,
          sprint_mu_d1_horrors, sprint_mu_d2_genie, sprint_mu_d3_branching,
          sprint_mu_orc_legion, sprint_mu_elf_gauntlet, sprint_mu_hive_nellie,
          sprint_mu_lair_fedhas, sprint_mu_vaults_butterflies,
          sprint_mu_slime_circle, sprint_mu_shoals_kraken,
          sprint_mu_snake_twists, sprint_mu_blade_basic,
          sprint_mu_crypt_fortress, sprint_mu_tomb_spiral,
          sprint_mu_vestibule_basic, sprint_mu_gehenna_hellfire,
          sprint_mu_dis_giant, sprint_mu_tartarus_statrot,
          sprint_mu_cocytus_islands, sprint_mu_zot1]

Skill      XL: |  1  2  3  4  5 |
---------------+----------------+-----
Maces & Flails | 4 6 7 8 |  8.3
Dodging        | 2 3 |  3.8
Fighting       | 4 5 6 7 |  7.1
Armour         | 2 3 |  3.5
Stealth        | 1 |  1.8

Action                   |  1- 3 |  4- 6 || total
-------------------------+-------+-------++-------
Melee: Mace              |    28 |    23 ||    51
Invok: Berserk           |     3 |     3 ||     6
Armor: Animal skin       |     1 |     1 ||     2
Dodge: Dodged            |    10 |    10 ||    20

Table legend: (Time is in decaauts)
 A = Elapsed time spent in this place.
 B = Non-inter-level travel time spent in this place.
 C = Inter-level travel time spent in this place.
 D = Time resting spent in this place.
 E = Time spent auto-exploring this place.
 F = Levels seen in this place.
 G = Mean time per level.
                   A        B        C        D        E       F      G
               +--------+--------+--------+--------+--------+-----+--------+
         Total |   1165 |   1165 |      0 |   1008 |      1 |   1 | 1165.0 |
       Dungeon |   1165 |   1165 |      0 |   1008 |      1 |   1 | 1165.0 |
               +--------+--------+--------+--------+--------+-----+--------+

Top non-repeatable levels by time:
       D: 1165 daAuts
